 Dungeon Crawl Stone Soup version 0.31-a0-1370-gf52a5a9ab3 (webtiles) character file.

Game seed: 6374284427281743022

42464 Inarius the Unseen (level 14, -8/84 HPs)
             Began as a Kobold Chaos Knight on Dec 23, 2023.
             Was a Plaything of Xom.
             Mangled by a small abomination (21 damage)
             ... on level 5 of the Lair of Beasts.
             The game lasted 00:31:31 (18838 turns).

Inarius the Unseen (Kobold Chaos Knight)           Turns: 18838, Time: 00:31:31

Health: -8/84      AC: -4    Str:  8    XL:     14   Next: 55%
Magic:  12/12      EV: 22    Int: 12    God:    Xom [...*..]
Gold:   1336       SH: 17    Dex: 26    Spells: 13/13 levels left

rFire   + + .        N - +6 short sword (elec)
rCold   + . .        H - +3 kite shield {reflect}
rNeg    . . .        L - +3 ring mail {rF+}
rPois   +            (no helmet)
rElec   .            m - +0 cloak
rCorr   .            w - +1 pair of gloves
SInv    .            Q - +1 pair of boots {Stlth+}
Will    +++..        Y - amulet of Midwinter {Acrobat rF+ Dex+2}
Stlth   ++++++++     f - ring of willpower
HPRegen 0.34/turn    F - ring of protection from cold
MPRegen 0.13/turn

%: reflection, acrobat, clarity
@: corroded
A: small, no large weapons, nightstalker 3, iridescent scales 2, agile 1,
clarity, low MP 1, strong-willed 1, poison resistance, shaggy fur 1, no potion
heal 1, subdued magic 1, sturdy frame 1
a: Renounce Religion


You were on level 5 of the Lair of Beasts.
You worshipped Xom.
You were a favourite toy of Xom.
You visited 2 branches of the dungeon, and saw 16 of its levels.
You visited the Abyss 1 time.
You also visited: Ossuary and Bailey.

You collected 1906 gold pieces.
You spent 570 gold pieces at shops.

Inventory:

Hand Weapons
 N - a +6 short sword of electrocution (weapon)
 O - a +3 rapier of electrocution
Missiles
 K - 4 throwing nets
Armour
 m - a +0 cloak (worn)
 w - a +1 pair of gloves (worn)
 H - a +3 kite shield of reflection (worn)
 L - a +3 ring mail of fire resistance (worn)
 Q - a +1 pair of boots of stealth (worn)
 T - a +0 troll leather armour
 Z - the +0 ring mail "Bopp" {*Slow rElec Dex+2 SInv}
   (You found it on level 2 of the Lair of Beasts)

   Dex+2:     It affects your dexterity (+2).
   rElec:     It insulates you from electricity.
   SInv:      It lets you see invisible.
   *Slow:     It may slow you when you take damage.
Jewellery
 a - a ring of wizardry
 f - a ring of willpower (left hand)
 o - an amulet of guardian spirit
 E - a ring of flight
 F - a ring of protection from cold (right hand)
 G - the ring of Evvatay {rN+ Will- Dex+2 SInv}
   (You found it on level 5 of the Dungeon)

   [ring of positive energy]

   Dex+2:     It affects your dexterity (+2).
   rN+:       It protects you from negative energy.
   Will-:     It decreases your willpower.
   SInv:      It lets you see invisible.
 R - a ring of magical power
 U - a ring of ice
 W - a ring of resist corrosion
 Y - the amulet of Midwinter (around neck) {Acrobat rF+ Dex+2}
   (Xom gifted it to you on level 1 of the Lair of Beasts)

   [amulet of the acrobat]

   Acrobat:   It increases your evasion while moving and waiting.
   Dex+2:     It affects your dexterity (+2).
   rF+:       It protects you from fire.
Wands
 k - a wand of quicksilver (4)
 r - a wand of roots (12)
 u - a wand of mindburst (9)
 y - a wand of polymorph (20)
 X - a wand of flame (21)
Scrolls
 c - 3 scrolls of butterflies
 e - 2 scrolls of poison
 h - 2 scrolls of brand weapon
 l - 4 scrolls of teleportation
 q - 2 scrolls of blinking
 t - 2 scrolls of enchant weapon
 v - 3 scrolls of vulnerability
 z - 2 scrolls of revelation
 A - a scroll of silence
 B - a scroll of fog
 C - 8 scrolls of identify
 D - 2 scrolls of amnesia
 J - a scroll of enchant armour
Potions
 b - 2 potions of cancellation
 d - 2 potions of heal wounds
 g - 4 potions of attraction
 j - a potion of enlightenment
 n - 6 potions of curing
 p - 3 potions of haste
 s - 2 potions of brilliance
 x - 5 potions of mutation
 P - 2 potions of ambrosia
 S - 2 potions of magic
 V - 2 potions of lignification
Miscellaneous
 I - a phantom mirror (inert)


   Skills:
 + Level 8.8 Fighting
 + Level 11.8 Short Blades
 + Level 4.4 Armour
 + Level 11.9 Dodging
 + Level 15.0 Stealth
 + Level 10.2 Shields
 * Level 11.4 Evocations


You had 13 spell levels left.
You didn't know any spells.
Your spell library contained the following spells:

 Spells                   Type           Power      Damage    Failure   Level
 Magic Dart               Conj           0%         1d3       86%         1
 Necrotise                Necr           0%         1d4       86%         1
 Sandblast                Erth           0%         2d4       86%         1
 Blink                    Tloc           0%         N/A       95%         2
 Call Imp                 Summ           0%         N/A       95%         2
 Lesser Beckoning         Tloc           0%         N/A       95%         2
 Mercury Vapours          Alch/Air       0%         N/A       95%         2
 Momentum Strike          Conj/Tloc      0%         3d8       95%         2
 Passwall                 Alch/Erth      0%         N/A       95%         2
 Searing Ray              Conj           0%         2d4       95%         2
 Static Discharge         Conj/Air       0%         3-3/arc   95%         2
 Sublimation of Blood     Necr           0%         N/A       95%         2
 Inner Flame              Hex/Fire       0%         N/A       99%         3
 Mephitic Cloud           Conj/Alch/Air  0%         N/A       99%         3
 Stone Arrow              Conj/Erth      0%         3d7       99%         3
 Vampiric Draining        Necr           0%         2d6       99%         3
 Airstrike                Air            0%         2d(0-16)  100%        4
 Brom's Barrelling Bould  Conj/Erth      0%         2d3       100%        4
 Flame Wave               Conj/Fire      0%         2d4       100%        4
 Fulminant Prism          Conj/Alch      0%         3d5       100%        4
 Sticky Flame             Fire/Alch      0%         2d4       100%        4
 Summon Lightning Spire   Summ/Air       0%         N/A       100%        4
 Vhi's Electric Charge    Tloc/Air       0%         N/A       100%        4
 Agony                    Necr           0%         N/A       100%        5
 Arcjolt                  Conj/Air       0%         1d10      100%        5
 Freezing Cloud           Conj/Ice/Air   0%         6-21      100%        5
 Irradiate                Conj/Alch      0%         3d11      100%        5
 Plasma Beam              Fire/Air       0%         2x1d10    100%        6
 Summon Hydra             Summ           0%         N/A       100%        7
 Ignition                 Fire           0%         3d3       100%        8


Dungeon Overview and Level Annotations

Branches:
Dungeon (11/15)            Temple (0/1) D:4            Lair (5/5) D:10
 Shoals (0/4) Lair:2        Snake (0/4) Lair:3        Slime (0/5) Lair:5
Ossuary (visited)          Bailey (visited)
    Orc: D:9-12

Altars:
Ashenzari
Dithmenos
Elyvilon
Fedhas
Gozag
Hepliaklqana
Kikubaaqudgha
Makhleb
Qazlal
Ru
Trog
Wu Jian
Xom
Jiyva

Shops:
D:10 (

Annotations:
D:5 2 runed translucent doors
Lair:1 exclusion: 2 oklob plants
Lair:5 1 runed translucent door


Innate Abilities, Weirdness & Mutations

You are small and have problems with some larger weapons.
You are completely attuned to the shadows.
You are mostly covered in iridescent scales. (AC +4)
You are agile. (Dex +4, Str/Int -1)
You possess an exceptional clarity of mind.
Your magical capacity is low. (-10% MP)
You are strong-willed. (Will+)
Your system is resistant to poisons. (rPois)
You are covered in fur. (AC +1)
Potions are less effective at restoring your health.
Your spells are a little easier to cast, but a little less powerful.
Your movements are slightly less encumbered by armour. (ER -2)


Message History

You kill the rust devil!
You block the small abomination's attack.
Unknown command.
Unknown command.
The small abomination completely misses you.
You hit the small abomination but do no damage.
The small abomination is moderately damaged.
You are confused.
Your system partially rejects the healing.
You feel invigorated.
The small abomination completely misses you.
The small abomination hits you!
* * * LOW HITPOINT WARNING * * *
Xom thinks this is hilarious!
You closely miss the small abomination.
The small abomination is moderately damaged.
Okay, then.
Unknown command.
The small abomination completely misses you.
You feel less invigorated.
You feel less confused.
You block the small abomination's attack.
You hit the small abomination but do no damage.
The small abomination is moderately damaged.
You block the small abomination's attack.
You closely miss the small abomination.
The small abomination is moderately damaged.
The small abomination completely misses you.
You hit the small abomination but do no damage.
The small abomination is moderately damaged.
The small abomination completely misses you.
You hit the small abomination.
The small abomination is heavily damaged.
You hit the small abomination but do no damage.
The small abomination is heavily damaged.
You block the small abomination's attack.
You hit the small abomination but do no damage.
The small abomination is heavily damaged.
The small abomination hits you!!
You die...

.............♣ ♣..♣♣♣♣
*,,** ............♣♣
♣.....♣ *,,,* .........÷..♣
♣♣....♣♣ * ,,*
............♣♣♣ ♣.♣3..♣♣*,,
**
..............♣♣♣♣♣♣♣♣♣l..♣
*, .###...#..♣♣....♣.♣
♣...♣*♣.,,* .#
#######♣♣♣.....♣ ♣♣..♣♣.. *
## ♣.....♣♣ ♣..♣...**
♣♣♣.@x.♣♣♣♣♣♣....♣
♣♣♣....♣♣†....♣♣
♣♣♣†....x.♣♣♣ ♣♣♣.♣♣♣♣♣ ♣♣♣


You could see a small abomination.

Vanquished Creatures
  A ghost moth (Lair:2)
  Josephine (D:10)
  2 hydras
  A boulder beetle (D:11)
  2 two-headed ogres
  A lindwurm (Lair:5)
  A manticore (D:11)
  Maurice (D:9)
  A salamander (Lair:3)
  9 elephants
  A rust devil (Lair:5)
  9 cane toads
  A smoke demon (Lair:5)
  5 black mambas
  2 torpor snails (Lair:4)
  An unseen horror (D:11)
  3 rime drakes
  9 komodo dragons
  2 trolls
  A merfolk (D:9)
  21 blink frogs
  A shadow (D:11)
  59 yaks
  6 wraiths
  2 wyverns
  2 steam dragons
  10 basilisks
  A chaos spawn (Lair:5)
  6 orc warriors (Bailey)
  12 water moccasins
  An ice beast (D:5)
  2 sky beasts (D:7)
  2 ogres
  16 wolves
  5 centaurs
  A phantom (D:5)
  6 kobold brigands
  A weeping skull (Ossuary)
  9 bullfrogs
  A gnoll sergeant (D:9)
  2 scorpions
  2 small abominations (Lair:5)
  5 water moccasin zombies (Ossuary)
  9 wights
  An electric eel (Lair:2)
  4 howler monkeys
  4 lava snakes (Lair:3)
  16 jellies
  5 hounds
  3 sleepcaps
  2 orc priests
  A gnoll bouda (D:9)
  An iguana (D:5)
  11 orc wizards
  5 hell rats (Lair:3)
  A crocodile zombie (Ossuary)
  A bullfrog simulacrum (Ossuary)
  3 mummies
  20 gnolls
  4 adders
  2 shadow imps (D:6)
  4 bombardier beetles
  2 ufetubi (D:6)
  3 adder zombies (Ossuary)
  4 worms
  4 dart slugs
  42 orcs
  7 ball pythons
  9 endoplasms
  8 giant cockroaches
  11 gnoll zombies (Ossuary)
  12 goblins
  6 hobgoblins
  12 jackals
  7 quokkas
  A bat (D:1)
  4 frilled lizards
  5 jackal zombies (Ossuary)
  45 kobolds
  6 orc zombies (Ossuary)
  A rat (D:1)
  A butterfly (Lair:5)
514 creatures vanquished.

Vanquished Creatures (collateral kills)
  A hydra (Lair:2)
  A blink frog (Lair:2)
  A yak (D:10)
  A jelly (D:6)
  A kobold (D:10)
5 creatures vanquished.

Grand Total: 519 creatures vanquished

Notes
Turn   | Place    | Note
-------+----------+-------------------------------------------
     0 | D:1      | Inarius the Kobold Chaos Knight began the quest for the
                  | Orb.
     0 | D:1      | Reached XP level 1. HP: 14/14 MP: 1/1
    89 | D:1      | Reached XP level 2. HP: 15/20 MP: 2/2
   243 | D:1      | XOM: divination: magic mapping
   251 | D:1      | XOM: silly message
   257 | D:1      | XOM: silly message
   302 | D:1      | XOM: silly message
   367 | D:1      | Reached XP level 3. HP: 24/24 MP: 3/3
   790 | D:1      | XOM: give mutation
   790 | D:1      | Gained mutation: Your magical capacity is low. (-10% MP)
                  | [Xom's mischief]
   943 | D:1      | Reached skill level 1 in Armour
  1015 | D:2      | a frilled lizard changed into a bullfrog
  1015 | D:2      | Noticed a bullfrog
  1015 | D:2      | XOM: polymorph frilled lizard -> bullfrog
  1020 | D:2      | XOM: torment (13/24 hp)
  1026 | D:2      | Killed a bullfrog
  1027 | D:2      | Reached skill level 5 in Short Blades
  1027 | D:2      | Reached skill level 1 in Stealth
  1027 | D:2      | Reached XP level 4. HP: 8/30 MP: 3/3
  1027 | D:2      | Reached XP level 5. HP: 9/34 MP: 4/4
  1192 | D:2      | XOM: 1-stop teleportation journey
  1464 | D:2      | Reached skill level 2 in Stealth
  1780 | D:3      | XOM: 3-stop teleportation journey
  1943 | D:3      | Reached XP level 6. HP: 39/39 MP: 5/5
  2083 | D:3      | Found a blossoming altar of Fedhas.
  2280 | D:3      | Reached skill level 3 in Stealth
  2748 | D:4      | Reached skill level 1 in Evocations
  2793 | D:4      | Found a sacrificial altar of Ru.
  2930 | D:4      | XOM: summons 3 hostile demons
  3228 | D:4      | Found a staircase to the Ecumenical Temple.
  3324 | D:4      | XOM: give mutation
  3324 | D:4      | Gained mutation: Potions are less effective at restoring
                  | your health. [Xom's mischief]
  3456 | D:4      | XOM: summons 4 hostile demons
  3564 | D:4      | Reached skill level 1 in Shields
  3660 | D:4      | XOM: give mutations
  3660 | D:4      | Gained mutation: You are agile. (Dex +4, Str/Int -1) [Xom's
                  | mischief]
  3660 | D:4      | Gained mutation: Your movements are slightly less
                  | encumbered by armour. (ER -2) [Xom's mischief]
  3851 | D:5      | Entered Level 5 of the Dungeon
  3855 | D:5      | Reached XP level 7. HP: 44/44 MP: 6/6
  3978 | D:5      | XOM: draining
  3995 | D:5      | XOM: summons 4 hostile demons
  4011 | D:5      | XOM: divination: detect creatures
  4221 | D:5      | Reached skill level 5 in Fighting
  4671 | D:5      | Found a large runed translucent door.
  4672 | D:5      | Found a large runed translucent door.
  4704 | D:5      | Reached XP level 8. HP: 49/49 MP: 7/7
  4754 | D:5      | XOM: 2-stop teleportation journey
  4780 | D:5      | XOM: divination: detect creatures
  4827 | D:5      | XOM: god gift: glowing spear {god gift}
  4900 | D:5      | Found a shadowy altar of Dithmenos.
  4900 | D:5      | Found a hazy altar of Hepliaklqana.
  4900 | D:5      | Noticed a shadow
  4905 | D:5      | XOM: polymorph scorpion -> kobold
  4911 | D:5      | XOM: give mutations
  4911 | D:5      | Lost mutation: Your movements are slightly less encumbered
                  | by armour. (ER -2) [Xom's mischief]
  4911 | D:5      | Gained mutation: Your system is resistant to poisons.
                  | (rPois) [Xom's mischief]
  4911 | D:5      | Gained mutation: You possess an exceptional clarity of
                  | mind. [Xom's mischief]
  4911 | D:5      | Lost mutation: You possess an exceptional clarity of mind.
                  | [Xom's mischief]
  4999 | D:5      | XOM: silly message
  5021 | D:5      | Reached skill level 4 in Stealth
  5054 | D:5      | XOM: give mutations
  5054 | D:5      | Gained mutation: You possess an exceptional clarity of
                  | mind. [Xom's grace]
  5054 | D:5      | Gained mutation: You have a pair of small horns on your
                  | head. [Xom's grace]
  5054 | D:5      | Gained mutation: You passively map a small area around you.
                  | [Xom's grace]
  5054 | D:5      | Gained mutation: You are strong-willed. (Will+) [Xom's
                  | grace]
  5134 | D:5      | Identified the ring of Evvatay {rN+ Will- Dex+2 SInv}
  5350 | D:6      | Found a sand-covered staircase.
  5357 | Ossuary  | Entered an ossuary
  5395 | Ossuary  | XOM: smoke on damage
  5483 | Ossuary  | Reached skill level 5 in Dodging
  5483 | Ossuary  | Reached skill level 5 in Stealth
  5494 | Ossuary  | XOM: cleaving
  5743 | D:6      | Reached XP level 9. HP: 38/54 MP: 8/8
  5768 | D:6      | XOM: noise
  5804 | D:6      | XOM: polymorph scorpion -> quokka
  5893 | D:6      | XOM: god gift: 34 gold pieces
  5997 | D:6      | XOM: give mutations
  5997 | D:6      | Lost mutation: You possess an exceptional clarity of mind.
                  | [Xom's mischief]
  5997 | D:6      | Lost mutation: You passively map a small area around you.
                  | [Xom's mischief]
  5997 | D:6      | Lost mutation: You have a pair of small horns on your head.
                  | [Xom's mischief]
  5997 | D:6      | Gained mutation: Your movements are slightly less
                  | encumbered by armour. (ER -2) [Xom's mischief]
  6027 | D:6      | XOM: summons 9 friendly demons
  6030 | D:6      | Reached skill level 5 in Evocations
  6100 | D:6      | XOM: noise
  6704 | D:7      | XOM: cloud trail
  6743 | D:7      | XOM: butterfly on damage
  6770 | D:7      | Found an ancient bone altar of Kikubaaqudgha.
  6770 | D:7      | XOM: 6-stop teleportation journey
  7177 | D:7      | XOM: give mutation
  7177 | D:7      | Gained mutation: Your flesh is cold resistant. (rC+) [Xom's
                  | grace]
  7383 | D:7      | XOM: cloud trail
  7500 | D:8      | Reached skill level 6 in Stealth
  7923 | D:8      | XOM: cast spell 'Summon Hydra'
  7961 | D:8      | Identified the +6 mace "Atudo" {heavy, Str+4}
  7995 | D:8      | Reached XP level 10. HP: 57/60 MP: 9/9
  8076 | D:8      | XOM: silly message
  8509 | D:8      | XOM: silly message
  8624 | D:9      | XOM: 1-stop teleportation journey
  8694 | D:9      | XOM: chaos upgrade
  8695 | D:9      | Found a flagged portal.
  8728 | D:9      | XOM: enchant monster (good)
  8729 | D:9      | XOM: fog
  8735 | D:9      | XOM: summons friendly shadow imp
  8743 | D:9      | XOM: summons 1 friendly demon
  8790 | D:9      | XOM: god gift: ring of protection from cold
  8791 | D:9      | XOM: confuse monster(s)
  8817 | Bailey   | Entered a bailey
  9078 | Bailey   | XOM: smoke on damage
  9086 | Bailey   | XOM: confuse monster(s)
  9087 | Bailey   | Reached skill level 7 in Stealth
  9090 | Bailey   | Reached skill level 10 in Short Blades
  9090 | Bailey   | Reached skill level 5 in Shields
  9108 | Bailey   | Identified the +0 plate armour of the Unseen Realm {Regen+
                  | Str-3 SInv}
  9392 | D:9      | XOM: noise
  9460 | D:9      | Noticed Maurice
  9466 | D:9      | Maurice stole the ring of Evvatay {rN+ Will- Dex+2 SInv}
  9503 | D:9      | Something stole a phantom mirror
  9518 | D:9      | Killed Maurice
  9519 | D:9      | Reached XP level 11. HP: 66/66 MP: 6/9
  9766 | D:9      | XOM: silly message
  9994 | D:9      | XOM: silly message
 10015 | D:9      | XOM: divination: detect creatures
 10016 | D:9      | Found a burning altar of Makhleb.
 10019 | D:9      | Found an ornate altar of the Wu Jian Council.
 10022 | D:9      | Found a broken altar of Ashenzari.
 10026 | D:9      | Found a bloodstained altar of Trog.
 10030 | D:9      | Found an opulent altar of Gozag.
 10053 | D:9      | XOM: silly message
 10276 | D:9      | Found a bloodstained altar of Trog.
 10312 | D:9      | XOM is BORED!
 10312 | D:9      | XOM: noise
 10366 | D:9      | Found a white marble altar of Elyvilon.
 10456 | D:9      | Found a stormy altar of Qazlal.
 10485 | D:10     | Entered Level 10 of the Dungeon
 10514 | D:10     | XOM: summons friendly shadow imp
 10524 | D:10     | XOM: blink monster(s)
 10532 | D:10     | XOM: god gift: +0 pair of boots of flying
 10544 | D:10     | XOM: destruction
 10553 | D:9      | XOM: fog
 10570 | Abyss:1  | Cast into level 1 of the Abyss (Xom)
 10603 | Abyss:1  | Noticed a large abomination
 10617 | Abyss:1  | Noticed a wretched star
 10624 | Abyss:1  | Noticed a wretched star
 10664 | D:9      | Escaped the Abyss
 10668 | D:9      | XOM: silly message
 10677 | D:9      | XOM: smoke on damage
 10792 | D:10     | XOM: fake destruction
 10796 | D:10     | XOM: 3-stop teleportation journey
 10815 | D:10     | Found Uqey's Antique Weapon Boutique.
 10820 | D:10     | Bought a glowing short sword for 180 gold pieces
 10820 | D:10     | Bought a glowing short sword for 180 gold pieces
 10820 | D:10     | Bought a glowing rapier for 210 gold pieces
 10822 | D:10     | Noticed a two-headed ogre
 10826 | D:10     | Killed a two-headed ogre
 10827 | D:10     | Reached skill level 8 in Stealth
 10983 | D:10     | XOM: potion effect (haste)
 11058 | D:10     | XOM: god gift: +1 pair of boots of stealth
 11096 | D:10     | Found a staircase to the Lair.
 11245 | D:10     | XOM: summons 8 friendly demons
 11531 | D:10     | Reached skill level 9 in Stealth
 11674 | D:11     | Noticed Josephine
 11706 | D:10     | XOM: fog
 11726 | D:10     | Killed Josephine
 11729 | D:10     | XOM: confuse monster(s)
 11884 | D:11     | XOM: 1-stop teleportation journey
 11979 | D:11     | Noticed a two-headed ogre
 11981 | D:11     | XOM: cast spell 'Death Channel'
 11983 | D:11     | Killed a two-headed ogre
 11984 | D:11     | Reached XP level 12. HP: 72/72 MP: 10/10
 12107 | D:11     | Reached skill level 10 in Stealth
 12295 | D:11     | Found a shadowy altar of Dithmenos.
 12450 | D:11     | XOM: fake destruction
 12459 | D:11     | XOM: enchant monster (good)
 12462 | D:11     | XOM: give mutations
 12462 | D:11     | Lost mutation: Your flesh is cold resistant. (rC+) [Xom's
                  | mischief]
 12462 | D:11     | Gained mutation: Your spells are a little easier to cast,
                  | but a little less powerful. [Xom's mischief]
 12462 | D:11     | Lost mutation: You are agile. (Dex +4, Str/Int -1) [Xom's
                  | mischief]
 12462 | D:11     | Gained mutation: You are partially covered in iridescent
                  | scales. (AC +2) [Xom's mischief]
 12743 | D:11     | Noticed a boulder beetle
 12749 | D:11     | Killed a boulder beetle
 12750 | D:11     | Reached skill level 10 in Evocations
 12985 | Lair:1   | Entered Level 1 of the Lair of Beasts
 13038 | Lair:1   | XOM: 8-stop teleportation journey
 13100 | Lair:1   | XOM: scenery: summon butterflies
 13302 | Lair:1   | Reached skill level 11 in Stealth
 13385 | Lair:1   | XOM is BORED!
 13861 | Lair:1   | XOM: butterfly on damage
 13882 | Lair:1   | Identified the amulet of Midwinter {Acrobat rF+ Dex+2} (Xom
                  | gifted it to you on level 1 of the Lair of Beasts)
 13882 | Lair:1   | XOM: god gift: amulet of Midwinter {Acrobat rF+ Dex+2}
 14178 | Lair:2   | Identified the +0 ring mail "Bopp" {*Slow rElec Dex+2 SInv}
 14181 | Lair:2   | XOM: silly message
 14265 | Lair:2   | Reached skill level 12 in Stealth
 14270 | Lair:2   | XOM: enchant monster (good)
 14310 | Lair:2   | XOM: summons 3 hostile demons
 14311 | Lair:2   | XOM: enchant monster (bad)
 14320 | Lair:2   | Noticed a four-headed hydra
 14324 | Lair:2   | XOM: potion effect (haste)
 14341 | Lair:2   | Killed a four-headed hydra
 14342 | Lair:2   | Reached skill level 10 in Dodging
 14446 | Lair:2   | XOM: 6-stop teleportation journey
 14498 | Lair:2   | Found a staircase to the Shoals.
 14543 | Lair:2   | XOM: 1-stop teleportation journey
 14551 | Lair:2   | Noticed a five-headed hydra
 14553 | Lair:2   | a five-headed hydra changed into something unseen
 14560 | Lair:2   | XOM: silly message
 14566 | Lair:2   | Killed a ghost moth
 14567 | Lair:2   | Reached XP level 13. HP: 51/78 MP: 0/11
 15143 | Lair:3   | XOM: divination: detect items
 15146 | Lair:3   | Found a staircase to the Snake Pit.
 15148 | Lair:3   | XOM: noise
 15283 | Lair:3   | Noticed a seven-headed hydra
 15287 | Lair:3   | Killed a seven-headed hydra
 15341 | Lair:3   | XOM: potion effect (brilliance)
 15461 | Lair:3   | XOM: smoke on damage
 15547 | Lair:3   | XOM: god gift: 37 gold pieces
 15946 | Lair:3   | XOM: summons 2 friendly demons
 15950 | Lair:3   | XOM: cleaving
 15952 | Lair:3   | Identified the +1 rapier "Gilakh" {flame, +Blink rCorr
                  | Str+3} (Xom gifted it to you on level 3 of the Lair of
                  | Beasts)
 15952 | Lair:3   | XOM: god gift: +1 rapier "Gilakh" {flame, +Blink rCorr
                  | Str+3}
 15961 | Lair:3   | XOM: confuse monster(s)
 15964 | Lair:3   | Reached skill level 13 in Stealth
 15965 | Lair:3   | XOM: potion effect (brilliance)
 16248 | Lair:3   | XOM: god gift: 918 gold pieces
 16295 | Lair:3   | XOM: god gift: leather armour {god gift}
 16538 | Lair:4   | XOM: polymorph komodo dragon -> two-headed ogre
 16548 | Lair:4   | XOM: destruction
 16803 | Lair:4   | Noticed a five-headed hydra
 16803 | Lair:4   | XOM: 8-stop teleportation journey
 17107 | Lair:4   | XOM: give mutations
 17107 | Lair:4   | Gained mutation: You are mostly covered in iridescent
                  | scales. (AC +4) [Xom's grace]
 17107 | Lair:4   | Gained mutation: You are covered in fur. (AC +1) [Xom's
                  | grace]
 17107 | Lair:4   | Gained mutation: You are agile. (Dex +4, Str/Int -1) [Xom's
                  | grace]
 17107 | Lair:4   | Gained mutation: You possess an exceptional clarity of
                  | mind. [Xom's grace]
 17237 | Lair:4   | XOM: potion effect (might)
 17349 | Lair:4   | Killed a five-headed hydra
 17384 | Lair:4   | XOM: god gift: plate armour {god gift}
 17564 | Lair:5   | Entered Level 5 of the Lair of Beasts
 17616 | Lair:5   | Reached XP level 14. HP: 84/84 MP: 12/12
 17709 | Lair:5   | Found a viscous altar of Jiyva.
 17716 | Lair:5   | Found a staircase to the Slime Pits.
 17757 | Lair:5   | Reached skill level 14 in Stealth
 18183 | Lair:5   | XOM: god gift: 15 gold pieces
 18204 | Lair:5   | Reached skill level 10 in Shields
 18214 | Lair:5   | Found a runed translucent door.
 18468 | Lair:5   | XOM: confuse monster(s)
 18534 | Lair:5   | XOM: scenery: create altars
 18716 | Lair:5   | Reached skill level 15 in Stealth
 18747 | Lair:5   | XOM: polymorph smoke demon -> rust devil
 18752 | Lair:5   | XOM: divination: magic mapping
 18785 | Lair:5   | XOM: fog
 18838 | Lair:5   | Mangled by a small abomination

Illustrated notes

Levels and vault maps discovered:
D:1:      orjb1_clovarrival, layout_loops_ring, minmay_misc_feat_hallway,
          minmay_tree_intersection, grunt_decor_one_mirror,
          chequers_serial_rivers_micro_a, kennysheep_flooded_box,
          due_unseen_surprise
D:2:      layout_rooms
D:3:      layout_basic, fedhas_altar_1
D:4:      layout_basic, nicolae_ru_great_annihilating_truth,
          minmay_temple_entry_offerings, kennysheep_small_spiral,
          hangedman_decor_clover_reticule
D:5:      layout_loops_corners, riverfiend_overflow_shadow_ancestor,
          ebering_ghost_disaster_area
D:6:      layout_cave_pools, gup_ossuary_entry_pyramid,
          minmay_misc_feat_nine_boxes
D:7:      layout_rooms, mainiacjoe_overflow_concentric_impassable
D:8:      layout_gridville
D:9:      layout_long_grid, nicolae_overflow_hallway_of_the_gods,
          nicolae_qazlal_general_emergency, elyvilon_altar_3, enter_bailey_5,
          roadster_trireme, uniq_maurice
D:10:     layout_cave_pods, lair_entry_dummy, serial_shops, shop
D:11:     layout_basic, grunt_dithmenos_smoke_and_mirrors, uniq_josephine
Lair:1:   lemuel_slime, layout_chaotic_city, minmay_lair_oklob_items,
          grunt_megastairs_3, serial_bayou_shore_b
Lair:2:   layout_roguey, elwin_shoals_entry_rooms, grunt_megastairs_4
Lair:3:   layout_regular_city, nicolae_snake_entry_warm_welcome,
          kennysheep_basilisk_garden, serial_bayou_shore_b
Lair:4:   layout_long_grid, serial_bayou_shore_a
Lair:5:   hellmonk_lair_end_abyssal_woods, layout_regular_city, slime_entry_1,
          ebering_ghost_funeral_grove, grunt_megastairs_5, lemuel_fruit_fields,
          infiniplex_staircase_pool_2

Skill      XL: |  1  2  3  4  5  6  7  8  9 10 11 12 13 14 |
---------------+-------------------------------------------+-----
Fighting       | 4 5 6 7 8 |  8.8
Armour         | 1 2 3 4 |  4.4
Short Blades   | 5 6 7 8 10 11 | 11.8
Dodging        | 3 4 5 6 7 9 10 11 | 11.9
Stealth        | 1 2 3 5 6 7 9 12 13 15 | 15.0
Evocations     | 1 3 4 6 7 9 10 11 | 11.4
Shields        | 1 2 4 5 6 8 9 10 | 10.2

Action                     |  1- 3 |  4- 6 |  7- 9 | 10-12 | 13-15 || total
---------------------------+-------+-------+-------+-------+-------++-------
  Melee: Short sword       |   117 |   226 |   795 |  1012 |   589 ||  2739
         Headbutt          |       |       |    74 |       |       ||    74
  Evoke: Wand              |       |       |     5 |    23 |     7 ||    35
         Phantom mirror    |       |       |       |     2 |     2 ||     4
    Use: Scroll            |       |     5 |     5 |     9 |     2 ||    21
         Potion            |       |       |     6 |     2 |     1 ||     9
   Stab: Sleeping          |     6 |    18 |    19 |    38 |    43 ||   124
         Petrifying        |     1 |       |       |       |       ||     1
         Petrified         |       |     1 |       |       |       ||     1
         Distracted        |       |     1 |     4 |     7 |     2 ||    14
         Paralysed         |       |     1 |       |     4 |     1 ||     6
         Confused          |       |       |       |     4 |     4 ||     8
 Armour: Leather armour    |    50 |    89 |   159 |   129 |       ||   427
         Skin              |       |       |     1 |       |       ||     1
         Ring mail         |       |       |       |   103 |   122 ||   225
  Dodge: Dodged            |    78 |   125 |   342 |   374 |   272 ||  1191
  Block: Buckler           |     8 |   109 |   287 |   127 |       ||   531
         Reflection        |       |     1 |     2 |     6 |     2 ||    11
         Kite shield       |       |       |       |   478 |   437 ||   915

Table legend: (Time is in decaauts)
 A = Elapsed time spent in this place.
 B = Non-inter-level travel time spent in this place.
 C = Inter-level travel time spent in this place.
 D = Time resting spent in this place.
 E = Time spent auto-exploring this place.
 F = Levels seen in this place.
 G = Mean time per level.
                   A        B        C        D        E       F      G
               +--------+--------+--------+--------+--------+-----+--------+
         Total |  18065 |  17504 |    561 |   1276 |  12064 |  19 |  950.8 |
       Dungeon |  11598 |  11158 |    440 |    736 |   8037 |  11 | 1054.4 |
          Lair |   5668 |   5547 |    121 |    496 |   3926 |   5 | 1133.6 |
         Abyss |     93 |     93 |      0 |      0 |      0 |   1 |   93.0 |
       Ossuary |    270 |    270 |      0 |     43 |      0 |   1 |  270.0 |
        Bailey |    434 |    434 |      0 |      0 |    101 |   1 |  434.0 |
               +--------+--------+--------+--------+--------+-----+--------+

Top non-repeatable levels by time:
     D:5: 1390 daAuts
     D:9: 1318 daAuts
  Lair:3: 1312 daAuts
  Lair:4: 1217 daAuts
    D:10: 1199 daAuts
  Lair:1: 1111 daAuts
     D:4: 1095 daAuts
     D:8: 1094 daAuts
  Lair:5: 1078 daAuts
    D:11: 1038 daAuts
     D:3: 981 daAuts
     D:1: 980 daAuts
     D:7: 968 daAuts
  Lair:2: 947 daAuts
     D:6: 790 daAuts
